 Dungeon Crawl Stone Soup version 0.32-a0-433-g08bcfe7efd (webtiles) character file.

Game seed: 7526851898669803691

4561 javelincjr the Fighter (level 10, -5/83 HPs)
             Began as a Coglin Monk on Feb 22, 2024.
             Was a Priest of Beogh.
             Slain by a cerulean imp
             ... wielding a +2 spear
             ... summoned by Ortolf the orc apostle
              (6 damage)
             ... on level 8 of the Dungeon.
             The game lasted 00:44:20 (7165 turns).

javelincjr the Fighter (Coglin Monk)                Turns: 7165, Time: 00:44:20

Health: -5/83      AC:  8    Str: 16    XL:     10   Next: 40%
Magic:  12/12      EV: 22    Int: 15    God:    Beogh [***...]
Gold:   561        SH:  0    Dex: 22    Spells: 8/9 levels left

rFire   . . .        o - +5 dagger (venom) {Manveen}
rCold   . . .        (no shield)
rNeg    . . .        R - +0 steam dragon scales
rPois   .            O - +0 helmet
rElec   +            T - +0 cloak
rCorr   .            (no gloves)
SInv    .            (no boots)
Will    .....        (no amulet)
Stlth   ++           J - ring of the Iron Devil {rElec Int+6 Dex+5}
HPRegen 0.33/turn    s - +5 ring of evasion
MPRegen 0.13/turn

%: clarity
@: studying Invocations, revved
A: off-hand wielding, slow wielding, warmup strikes, legs shutdown, clarity,
wild magic 1
a: Renounce Religion, Smiting, Recall Apostles, Dismiss Okrist, wizard


You were on level 8 of the Dungeon.
You worshipped Beogh.
Beogh was most pleased with you.
You visited 2 branches of the dungeon, and saw 9 of its levels.
You also visited: Bailey.

You collected 561 gold pieces.

Inventory:

Hand Weapons
 a - a +0 hand axe {Audrea}
 c - a +3 long sword of freezing {Kannika}
 f - a +0 sling {Bunsong}
 k - a +0 spear
 o - a +5 dagger of venom (weapon) {Manveen}
 r - a +0 hand axe {Qiuyue}
 A - the +4 hand axe "Vuogg" {speed, rC+ Dex+3 Stlth+}
   (You took it off a goblin on level 3 of the Dungeon)

   Dex+3:     It affects your dexterity (+3).
   rC+:       It protects you from cold.
   Stlth+:    It makes you more stealthy.
 C - a +6 heavy scythe {Hisao}
 I - a +5 halberd
 U - a +3 spear
Missiles
 n - 15 poisoned darts (quivered)
 L - a throwing net
 M - 24 javelins
Armour
 b - a +0 robe
 d - an orb of light
 q - a +0 plate armour
 w - a +0 scale mail of fire resistance
 H - a +2 robe of fire resistance
 O - a +0 helmet (worn)
 R - +0 steam dragon scales (worn)
 T - a +0 cloak (worn)
Jewellery
 g - a ring of resist corrosion
 s - a +5 ring of evasion (right grasper)
 D - a ring of positive energy
 J - the ring of the Iron Devil (left grasper) {rElec Int+6 Dex+5}
   (You found it on level 6 of the Dungeon)

   [ring of intelligence]

   Int+6:     It affects your intelligence (+6).
   Dex+5:     It affects your dexterity (+5).
   rElec:     It insulates you from electricity.
 K - a ring of willpower
 S - a ring of protection from cold
Talismans
 v - a flux talisman
Wands
 x - a wand of light (22)
 P - a wand of flame (8)
Scrolls
 h - 4 scrolls of blinking {unknown}
 j - 3 scrolls of vulnerability {unknown}
 l - a scroll of immolation {unknown}
 p - 3 scrolls of teleportation
 t - a scroll of revelation {unknown}
 u - 4 scrolls of enchant armour
 y - a scroll of torment {unknown}
 z - 3 scrolls of fog
 N - a scroll of amnesia {unknown}
Potions
 e - 4 potions of lignification
 i - 2 potions of curing
 m - 2 potions of attraction
 B - 2 potions of mutation
 E - a potion of degeneration {unknown}
 F - a potion of resistance {unknown}
 G - a potion of might {unknown}
 Q - 2 potions of enlightenment {unknown}
Miscellaneous
 V - a phantom mirror


   Skills:
 * Level 9.3 Fighting
 + Level 7.0 Axes
 + Level 5.6 Armour
 + Level 6.4 Dodging
 + Level 1.8 Stealth
 + Level 3.4 Invocations


You had 8 spell levels left.
You knew the following spells:

 Your Spells              Type           Power      Damage    Failure   Level
a - Foxfire               Conj/Fire      0%         2x1d4     34%         1

Your spell library contained the following spells:

 Spells                   Type           Power      Damage    Failure   Level
 Mephitic Cloud           Conj/Alch/Air  0%         N/A       71%         3
 Silence                  Hex/Air        0%         N/A       100%        5
 Plasma Beam              Fire/Air       0%         2x1d10    100%        6
 Starburst                Conj/Fire      0%         6d3       100%        6


Dungeon Overview and Level Annotations

Branches:
Dungeon (8/15)             Temple (1/1) D:4          Bailey (visited)
   Lair: D:8-11

Altars:
Ashenzari
Dithmenos
Elyvilon
Fedhas
Gozag
Hepliaklqana
Kikubaaqudgha
Nemelex Xobeh
Okawaru
Qazlal
Ru
Sif Muna
Trog
Uskayaw
Vehumet
Wu Jian
Xom
Yredelemnul
Zin
The Shining One


Innate Abilities, Weirdness & Mutations

Your facial features are unmistakably orcish.
You can wield a second weapon in your off-hand.
It takes a long time for you to wield or remove held weapons.
Your first few attacks do less damage.
Attacking and casting redirects power from your legs.
You possess an exceptional clarity of mind.
Your spells are a little harder to cast, but a little more powerful.


Message History

Ortolf prays to Beogh.
You hit Ortolf but do no damage.
Ortolf is lightly wounded.
Okrist hits Ortolf but does no damage.
Ortolf looks as sick as possible!
The cerulean imp misses you.
Ortolf utters an invocation to Beogh.
The cerulean imp misses you.
You hit Ortolf but do no damage.
Ortolf looks as sick as possible!
Ortolf is lightly wounded.
Okrist hits Ortolf but does no damage.
Ortolf looks as sick as possible!
The cerulean imp hits you but does no damage.
The cerulean imp misses you.
Ortolf hits you with a +2 morningstar of protection!
* * * LOW HITPOINT WARNING * * *
The cerulean imp closely misses you.
You hit Ortolf but do no damage.
Ortolf looks as sick as possible!
Ortolf is moderately wounded.
Okrist hits Ortolf with a +2 dagger of venom.
Ortolf looks as sick as possible!
The cerulean imp completely misses you.
The cerulean imp hits you with a +2 spear.
* * * LOW HITPOINT WARNING * * *
Ortolf hits you with a +2 morningstar of protection!
* * * LOW HITPOINT WARNING * * *
The cerulean imp hits you but does no damage.
Aiming: Bolt of Light
Press: ? - help, Q - select action, (/) - cycle Shift-Dir - straight line, f - Ortolf
Aim: Ortolf the orc apostle, wielding a +2 morningstar of protection and wearing a +4 ring mail (moderately wounded, extremely poisoned, ally target, empowered by the touch of Beogh, 64% to hit)
The bolt of light hits Ortolf.
Ortolf is moderately wounded.
Ortolf is blinded.
The bolt of light misses the cerulean imp.
You are no longer unable to travel.
Okrist gestures at Ortolf while chanting.
The blast of sand hits Ortolf but does no damage.
The cerulean imp completely misses you.
Ortolf hits you with a +2 morningstar of protection!
* * * LOW HITPOINT WARNING * * *
The cerulean imp hits you with a +2 spear.
You die...
Beogh appreciates the cerulean imp's killing of a heretic priest.

##....##
#......#
##......##
#........#
..####........##
#......[.).....#
####..#.)∩)....#
##.5o.5.[...#
##5o@......##
#.....[....#
#.......[...#
#...........#
#............#
#............#
#.............#
##............#
##...........#


You could see Ortolf the orc apostle (blind, unable to see you, extremely
poisoned, ally target, divinely empowered), 3 cerulean imps and the friendly
Okrist the orc apostle.

Vanquished Creatures
  Pikel (D:7)
  Sigmund (D:3)
  2 steam dragons
  2 ice beasts
  3 orc warriors
  2 sky beasts
  3 ogres
  7 centaurs
  2 lemures (D:7)
  3 phantoms
  A kobold brigand (D:8)
  3 bullfrogs (D:7)
  3 scorpions
  11 wights
  2 howler monkeys (D:7)
  A bombardier beetle (D:5)
  2 jellies
  4 hounds
  Crazy Yiuf (D:7)
  4 iguanas
  3 orc wizards
  3 gnolls (D:6)
  9 adders
  A shadow imp (D:7)
  2 ufetubi (D:6)
  An adder zombie (D:3)
  16 orcs
  9 ball pythons
  A bat zombie (D:4)
  12 endoplasms
  2 giant cockroaches
  10 goblins
  4 hobgoblins
  A jackal (D:2)
  14 kobolds
  5 quokkas
  2 ball python skeletons (D:3)
  2 ball python zombies (D:3)
  5 bats (D:2)
  2 frilled lizards
  3 frilled lizard zombies (D:4)
  A giant cockroach zombie (D:3)
  A jackal skeleton (D:3)
  A quokka zombie (D:3)
  11 rats
179 creatures vanquished.

Vanquished Creatures (collateral kills)
  4 centaurs (Bailey)
  2 wights (D:8)
  An orc (Bailey)
7 creatures vanquished.

Vanquished Creatures (others)
  6 orcs
6 creatures vanquished.

Grand Total: 192 creatures vanquished

Notes
Turn   | Place    | Note
-------+----------+-------------------------------------------
     0 | D:1      | javelincjr the Coglin Monk began the quest for the Orb.
     0 | D:1      | Reached XP level 1. HP: 18/18 MP: 1/1
   136 | D:1      | Reached XP level 2. HP: 20/24 MP: 2/2
   796 | D:2      | Reached XP level 3. HP: 27/29 MP: 3/3
  1107 | D:2      | Reached XP level 4. HP: 35/35 MP: 4/4
  1133 | D:2      | Reached skill level 1 in Armour
  1273 | D:2      | Learned a level 1 spell: Foxfire
  1460 | D:3      | Noticed Sigmund
  1723 | D:3      | Found a hide-covered altar of Uskayaw.
  1812 | D:3      | Identified the +4 hand axe "Vuogg" {speed, rC+ Dex+3
                  | Stlth+}
  2073 | D:3      | Got Kaozusu's Meditations on the Atmosphere
  2183 | D:3      | Killed Sigmund
  2184 | D:3      | Reached skill level 4 in Fighting
  2184 | D:3      | Reached XP level 5. HP: 26/43 MP: 5/5
  2184 | D:3      | Reached XP level 6. HP: 30/49 MP: 6/6
  2474 | D:4      | Found a staircase to the Ecumenical Temple.
  2512 | Temple   | Entered the Ecumenical Temple
  2628 | D:4      | Reached skill level 5 in Fighting
  2815 | D:4      | Found an ancient bone altar of Kikubaaqudgha.
  2869 | D:4      | Found a glowing golden altar of the Shining One.
  2990 | D:4      | Reached XP level 7. HP: 56/56 MP: 7/7
  3174 | D:5      | Entered Level 5 of the Dungeon
  3408 | D:5      | Became a worshipper of Beogh the Shepherd
  3408 | D:5      | Reached * piety under Beogh
  3408 | D:5      | Reached ** piety under Beogh
  3500 | D:5      | Reached skill level 6 in Fighting
  3500 | D:5      | Reached skill level 5 in Axes
  3624 | D:5      | Reached XP level 8. HP: 52/64 MP: 8/8
  4594 | D:6      | Reached skill level 5 in Dodging
  4634 | D:6      | Identified the ring of the Iron Devil {rElec Int+6 Dex+5}
  4655 | D:6      | Reached skill level 7 in Fighting
  4671 | D:6      | Reached skill level 1 in Invocations
  4843 | D:6      | Reached XP level 9. HP: 65/72 MP: 8/10
  4966 | D:6      | Found an iron altar of Okawaru.
  5090 | D:6      | Found a hazy altar of Hepliaklqana.
  5155 | D:6      | Gained mutation: Your spells are a little harder to cast,
                  | but a little more powerful. [potion of mutation]
  5155 | D:6      | Gained mutation: You possess an exceptional clarity of
                  | mind. [potion of mutation]
  5691 | D:7      | Found a shadowy altar of Dithmenos.
  5721 | D:7      | Reached skill level 8 in Fighting
  5758 | D:7      | Noticed Pikel
  5780 | D:7      | Killed Pikel
  5781 | D:7      | Reached skill level 5 in Armour
  5829 | D:7      | Found a bloodstained altar of Trog.
  6087 | D:7      | Found a runed translucent door.
  6088 | D:7      | Noticed Crazy Yiuf
  6096 | D:7      | Killed Crazy Yiuf
  6174 | D:8      | Reached XP level 10. HP: 72/82 MP: 12/12
  6180 | D:7      | Reached *** piety under Beogh
  6192 | D:7      | Noticed Okrist
  6203 | D:7      | Anointed Okrist the wizard as your apostle
  6408 | D:8      | Found a flagged portal.
  6419 | D:8      | Reached skill level 9 in Fighting
  6427 | D:8      | Reached skill level 1 in Stealth
  6446 | Bailey   | Entered a bailey
  6898 | Bailey   | Acquired a manual of Invocations
  7149 | D:8      | Noticed Ortolf
  7165 | D:8      | HP: 1/83 [Ortolf the orc apostle/+2 morningstar of
                  | protection (9)]
  7165 | D:8      | Slain by a cerulean imp

Illustrated notes

Levels and vault maps discovered:
D:1:      onia_arrival_handbag, layout_basic
D:2:      layout_rooms, chequers_serial_rivers_marsh, grunt_ministairs_15,
          minmay_octomino_c4
D:3:      layout_basic, nicolae_overflow_hidden_temple, serial_undead,
          serial_undead_c, serial_undead_c, serial_undead_d, serial_undead_f,
          serial_undead_d, serial_undead_c, serial_undead_e, uniq_sigmund
D:4:      minmay_angry_zag, layout_cave_pools,
          lemuel_zombie_altar_kikubaaqudgha, old_standard_altar,
          minmay_temple_entry_stoned_glass
D:5:      layout_loops_corners
D:6:      layout_rooms, mainiacjoe_overflow_boulevard,
          okawaru_ov_weapons_minmay, chequers_serial_rivers_micro_d,
          hangedman_abyss_or_decor_stagger
D:7:      layout_rooms, grunt_dithmenos_smoke_and_mirrors, bloody_trog,
          serial_bayou_crossing, uniq_pikel, uniq_crazy_yiuf_cottage
D:8:      cheibrodos_grave_circle, layout_cave_pods, serial_shops,
          kennysheep_mini_moat, enter_bailey_2, minmay_manual_mess
Temple:   compressed_dpeg_triangle_lava_temple

Skill      XL: |  1  2  3  4  5  6  7  8  9 10 |
---------------+-------------------------------+-----
Dodging        | 3 4 5 6 |  6.4
Armour         | 2 3 4 5 |  5.6
Fighting       | 4 5 6 7 8 9 |  9.3
Axes           | 4 5 6 7 |  7.0
Invocations    | 1 2 3 |  3.4
Stealth        | 1 |  1.8

Action                     |  1- 3 |  4- 6 |  7- 9 | 10-12 || total
---------------------------+-------+-------+-------+-------++-------
  Melee: Hand axe          |   120 |   158 |   208 |    37 ||   523
         Sling             |     1 |       |       |       ||     1
         Dagger            |       |    18 |   205 |    39 ||   262
         Unarmed           |       |       |     1 |       ||     1
         Halberd           |       |       |       |    17 ||    17
  Throw: Dart              |       |     5 |     2 |       ||     7
 Invoke: Convert to Beogh  |       |       |     1 |       ||     1
         Smiting           |       |       |     1 |       ||     1
         Recruit Apostle   |       |       |       |     1 ||     1
  Evoke: Wand              |       |     1 |       |     3 ||     4
    Use: Potion            |       |     1 |     4 |       ||     5
         Scroll            |       |     8 |     4 |     1 ||    13
   Stab: Invisible         |       |     2 |       |     2 ||     4
         Sleeping          |       |     1 |     2 |       ||     3
         Distracted        |       |       |     1 |     4 ||     5
 Armour: Robe              |    20 |       |    31 |       ||    51
         Scale mail        |     6 |    42 |    33 |       ||    81
         Steam dragon scal |       |       |     6 |    43 ||    49
  Dodge: Dodged            |    81 |    72 |   174 |    97 ||   424

Table legend: (Time is in decaauts)
 A = Elapsed time spent in this place.
 B = Non-inter-level travel time spent in this place.
 C = Inter-level travel time spent in this place.
 D = Time resting spent in this place.
 E = Time spent auto-exploring this place.
 F = Levels seen in this place.
 G = Mean time per level.
                   A        B        C        D        E       F      G
               +--------+--------+--------+--------+--------+-----+--------+
         Total |   7145 |   6931 |    214 |    482 |   4315 |  10 |  714.5 |
       Dungeon |   6389 |   6175 |    214 |    482 |   3975 |   8 |  798.6 |
        Temple |     33 |     33 |      0 |      0 |      0 |   1 |   33.0 |
        Bailey |    722 |    722 |      0 |      0 |    340 |   1 |  722.0 |
               +--------+--------+--------+--------+--------+-----+--------+

Top non-repeatable levels by time:
     D:5: 1401 daAuts
     D:2: 881 daAuts
     D:7: 881 daAuts
     D:3: 850 daAuts
     D:1: 758 daAuts
  Bailey: 722 daAuts
     D:6: 721 daAuts
     D:4: 656 daAuts
     D:8: 239 daAuts
  Temple: 33 daAuts
